[Event "17th IND-chT Women 2019"]
[Site "Kolkata"]
[Date "2019.02.08"]
[Round "2"]
[White "Bristy Mukherjee"]
[Black "Gomes, Mary Ann"]
[Result "0-1"]
[ECO "D00"]
[WhiteElo "1915"]
[BlackElo "2317"]
[Annotator "ChessBase"]
[PlyCount "70"]
[EventDate "2019.??.??"]
[EventCountry "IND"]
[SourceTitle "playchess.com"]
[Source "ChessBase"]
[SourceQuality "1"]
[TimeControl "5400+30"]

1. d4 Nf6 2. Bg5 e6 3. Nd2 d5 4. e3 Nbd7 5. f4 Be7 6. Bd3 c5 7. c3 b6 8. Ngf3 Bb7 9. O-O h6 10. Bh4 Ne4 11. Bxe7 Qxe7 12. Ne5 O-O 13. Ndf3 Rfd8 14. Nxd7 Qxd7 15. Ne5 Qe8 16. Be2 g6 17. a4 a6 18. Qe1 Kg7 19. Qh4 f6 20. Ng4 h5 21. Nf2 Qe7 22. g4 hxg4 23. Qxg4 Rh8 24. Ra3 f5 25. Qg2 Nd2 26. Rd1 Nc4 27. Bxc4 dxc4 28. Qg3 Bd5 29. Raa1 Rag8 30. Nh3 Rh4 31. Nf2 Kf7 32. a5 g5 33. axb6 gxf4 34. exf4 Rxf4 35. Rxa6 Rgg4 {Qxf4 Rxf4} 0-1

[Event "17th IND-chT Women 2019"]
[Site "Kolkata"]
[Date "2019.02.10"]
[Round "5"]
[White "Padmini, Rout"]
[Black "Kiran, Manisha Mohanty"]
[Result "1-0"]
[ECO "B50"]
[WhiteElo "2315"]
[BlackElo "2069"]
[Annotator "NA"]
[PlyCount "87"]
[EventDate "2019.??.??"]
[EventCountry "IND"]
[SourceTitle "playchess.com"]
[Source "ChessBase"]
[SourceQuality "1"]
[TimeControl "5400+30"]

1. e4 c5 2. Nf3 d6 3. c3 Nf6 4. Be2 Nbd7 5. d3 b6 6. O-O Bb7 7. Re1 e6 8. Nbd2 Be7 9. Nf1 Rc8 10. Ng3 Rc7 11. Bf1 Qa8 12. Nd2 h5 13. f4 h4 14. Nh1 Nh5 15. Ng3 Nhf6 16. Nh1 Nh5 17. Qf3 g5 18. fxg5 Ne5 19. Qe3 Ng6 20. Nf3 Nhf4 21. Nf2 Qd8 22. g3 hxg3 23. hxg3 Nh5 24. Nh2 f6 25. Nfg4 fxg5 26. Bg2 Ne5 27. Nxe5 dxe5 28. Ng4 Qd6 29. c4 Qd4 30. Bd2 Qxb2 31. Rac1 Qd4 32. Bc3 Qxe3+ 33. Rxe3 Bd6 34. Nxe5 Rg8 35. Bh3 Re7 36. Rf1 Bxe5 37. Bxe5 g4 38. Bg2 Rd7 39. Rf2 Bc6 40. Bf1 Rg5 41. Bc3 Rf7 42. Rh2 Rf3 43. Rxf3 gxf3 44. Bd2 1-0

[Event "17th IND-chT Women 2019"]
[Site "Kolkata"]
[Date "2019.02.10"]
[Round "5"]
[White "Swati Ghate"]
[Black "Gomes, Mary Ann"]
[Result "1/2-1/2"]
[ECO "B50"]
[WhiteElo "2229"]
[BlackElo "2317"]
[Annotator "NA"]
[PlyCount "106"]
[EventDate "2019.??.??"]
[EventCountry "IND"]
[SourceTitle "playchess.com"]
[Source "ChessBase"]
[SourceQuality "1"]
[TimeControl "5400+30"]

1. e4 c5 2. Nf3 d6 3. c3 Nf6 4. Bd3 Nc6 5. Bc2 Bg4 6. d3 d5 7. Nbd2 e6 8. h3 Bh5 9. Qe2 Be7 10. O-O Qc7 11. Re1 h6 12. Nf1 g5 13. Ng3 Bg6 14. d4 cxd4 15. e5 d3 16. Bxd3 Bxd3 17. Qxd3 Nd7 18. Qe2 O-O-O 19. a4 h5 20. Bxg5 Bxg5 21. Nxg5 Ndxe5 22. Nxh5 Qe7 23. f4 Rdg8 24. Rf1 Ng6 25. a5 Nxf4 26. Nxf4 Rxg5 27. a6 b6 28. Rf2 Qd6 29. Rd1 Rh4 30. Qe3 Ne7 31. c4 Qc5 32. Qxc5+ bxc5 33. cxd5 exd5 34. Re1 Nc6 35. Nd3 Rg7 36. Nxc5 Rxh3 37. Rf6 Kc7 38. Rc1 Rhg3 39. Nb7 Rxg2+ 40. Kh1 Kd7 41. Rd6+ Ke8 42. Re1+ Kf8 43. Rxc6 R7g5 44. Rc8+ Kg7 45. Nd6 Rxb2 46. Ne8+ Kh7 47. Nf6+ Kg7 48. Rf1 Rg6 49. Rg8+ Kh6 50. Rxg6+ Kxg6 51. Nxd5 Ra2 52. Nb4 Ra4 53. Rf4 Kg5 1/2-1/2

[Event "17th IND-chT Women 2019"]
[Site "Kolkata"]
[Date "2019.02.10"]
[Round "6"]
[White "Gomes, Mary Ann"]
[Black "Abirama Srinithi, G."]
[Result "1-0"]
[ECO "A05"]
[WhiteElo "2317"]
[BlackElo "1668"]
[Annotator "NA"]
[PlyCount "91"]
[EventDate "2019.??.??"]
[EventCountry "IND"]
[SourceTitle "playchess.com"]
[Source "ChessBase"]
[SourceQuality "1"]
[TimeControl "5400+30"]

1. Nf3 Nf6 2. c4 g6 3. b3 Bg7 4. Bb2 O-O 5. g3 d5 6. Bg2 c6 7. O-O Bf5 8. d3 Nbd7 9. Nbd2 Qc7 10. Rc1 dxc4 11. Nxc4 Nb6 12. e4 Bg4 13. Ne3 Rad8 14. Qc2 Bxf3 15. Bxf3 e5 16. Rfd1 Qe7 17. a4 Nbd7 18. d4 exd4 19. Bxd4 Rfe8 20. Bxa7 b6 21. Nc4 b5 22. Nd6 Ne5 23. Nxe8 Nxf3+ 24. Kg2 Rxe8 25. Kxf3 Qxa7 26. Qxc6 Qe7 27. axb5 Bf8 28. b6 Qe5 29. Kg2 Re6 30. Qa8 Re8 31. Qa4 Ng4 32. h3 Nxf2 33. Kxf2 Bc5+ 34. Kg2 Bxb6 35. Rc2 Re7 36. Qa8+ Re8 37. Qd5 Qf6 38. Rf1 Qe7 39. e5 Rd8 40. Qc6 Bd4 41. Qf6 Qb7+ 42. Rf3 Re8 43. Qc6 Qe7 44. Qd6 Bxe5 45. Qxe7 Rxe7 46. b4 1-0

[Event "17th IND-chT Women 2019"]
[Site "Kolkata"]
[Date "2019.02.10"]
[Round "6"]
[White "Jyothsna L"]
[Black "Padmini, Rout"]
[Result "0-1"]
[ECO "A40"]
[WhiteElo "2115"]
[BlackElo "2315"]
[Annotator "NA"]
[PlyCount "110"]
[EventDate "2019.??.??"]
[EventCountry "IND"]
[SourceTitle "playchess.com"]
[Source "ChessBase"]
[SourceQuality "1"]
[TimeControl "5400+30"]

1. d4 e6 2. Nf3 b6 3. Bf4 Bb7 4. e3 f5 5. Be2 Nf6 6. h3 Be7 7. O-O O-O 8. c4 Ne4 9. Nc3 Nxc3 10. bxc3 d6 11. Nd2 Nd7 12. Bf3 Bxf3 13. Qxf3 c5 14. Rfd1 Qc7 15. Rac1 Kh8 16. Bh2 Rad8 17. e4 f4 18. Qe2 e5 19. Nf3 Bf6 20. dxe5 Bxe5 21. Rd3 Rde8 22. Rcd1 Nf6 23. Nxe5 dxe5 24. f3 Rd8 25. Qd2 Rxd3 26. Qxd3 Kg8 27. Kf1 Kf7 28. Bg1 Ke7 29. Bf2 g5 30. h4 h6 31. Qc2 Rd8 32. a4 Rxd1+ 33. Qxd1 Qd7 34. Qxd7+ Kxd7 35. Ke2 Ne8 36. Kd3 Nd6 37. Be1 Kc6 38. hxg5 hxg5 39. Bf2 Nb7 40. Kc2 Na5 41. Kd3 Kd7 42. Be1 Ke6 43. Bf2 Kf6 44. Be1 Kg6 45. Bf2 Kh5 46. g3 Nc6 47. Ke2 g4 48. Be1 Kg5 49. Bd2 Na5 50. gxf4+ exf4 51. e5 g3 52. e6 Nc6 53. Kf1 Ne7 54. Kg2 Ng6 55. Bc1 Kf5 0-1

[Event "17th IND-chT Women 2019"]
[Site "Kolkata"]
[Date "2019.02.11"]
[Round "7"]
[White "Padmini, Rout"]
[Black "Rukhsar Bano"]
[Result "1-0"]
[ECO "C50"]
[WhiteElo "2315"]
[BlackElo "1331"]
[Annotator "NA RC"]
[PlyCount "83"]
[EventDate "2019.??.??"]
[EventCountry "IND"]
[SourceTitle "playchess.com"]
[Source "ChessBase"]
[SourceQuality "1"]
[TimeControl "5400+30"]

1. e4 e5 2. Nf3 Nc6 3. Bc4 Be7 4. O-O Nf6 5. d3 O-O 6. Re1 d6 7. c3 Na5 8. Bb5 Bd7 9. Bxd7 {[%emt 0:00:36] LiveBook: 19 Games C55: Two Knights: 4 d3, 4 d4 exd4 5 e5 and Max Lange Attack} Qxd7 10. Nbd2 Nc6 11. d4 Bd8 $146 ({Predecessor:} 11... Rfe8 12. d5 Nb8 13. b4 c6 14. Qb3 cxd5 15. exd5 Na6 16. Nf1 Nc7 17. Ne3 a5 18. a3 axb4 19. cxb4 Nb5 20. Bb2 {1-0 (20) Rodriguez Vila,A (2435)-El Ters,A (2207) Punta del Este 2014}) 12. a3 exd4 13. cxd4 Ne7 14. Nf1 Ng6 15. Ng3 c6 16. h3 Qc7 $14 17. h4 h6 18. h5 Nh8 19. Nh4 Nh7 20. Nhf5 Ng5 21. Qg4 Kh7 22. f4 Ne6 23. d5 g6 24. dxe6 gxf5 25. Qxf5+ Kg8 26. e7 Qxe7 27. Qg4+ Kh7 28. Nf5 Qf6 29. e5 dxe5 30. fxe5 Rg8 31. Qxg8+ Kxg8 32. exf6 Bxf6 33. Re2 Bg7 34. Bxh6 Bxh6 35. Nxh6+ Kg7 36. Nf5+ Kf6 37. Rf1 Kg5 38. g4 Kxg4 39. Rg2+ Kxh5 40. Rf3 Ng6 41. Rh3+ Nh4 42. Rxh4# 1-0